 Dungeon Crawl Stone Soup version 0.30-a0-341-g682706514a (webtiles) character file.

Game seed: 7546444273606669642

1871 NinjaNoafa the Slicer (level 9, 0/72 HPs)
             Began as a Merfolk Gladiator on Nov 3, 2022.
             Was a Believer of Uskayaw.
             Slain by a gnoll
             ... wielding a +0 spear
             ... led by a gnoll sergeant
              (4 damage)
             ... on level 6 of the Dungeon.
             The game lasted 00:07:41 (4764 turns).

NinjaNoafa the Slicer (Merfolk Gladiator)           Turns: 4764, Time: 00:07:43

Health: 0/72       AC:  4    Str: 12    XL:     9   Next: 13%
Magic:  5/9        EV: 19    Int:  7    God:    Uskayaw [**....]
Gold:   329        SH:  0    Dex: 24    Spells: 8/8 levels left

rFire   + . .      SeeInvis .    B - +3 short sword (freeze)
rCold   . . .      Faith    +    (no shield)
rNeg    . . .      Spirit   .    b - +0 leather armour
rPois   .          Reflect  .    s - +3 helmet "Botwomar" {Dex+4}
rElec   .          Harm     .    (no cloak)
rCorr   .          Rampage  .    q - +0 pair of gloves
Will    .....      Rnd*Tele +    (no boots)
Stlth   ++........               i - amulet of faith
HPRegen 0.32/turn                e - +4 ring of slaying
MPRegen 0.11/turn                (no ring)

@: corroded
A: (nimble swimmer 2), mertail, fire resistance 1, teleportitis 1, weak 1
a: Renounce Religion, Stomp, Line Pass


You were on level 6 of the Dungeon.
You worshipped Uskayaw.
Uskayaw was noncommittal.
You visited 2 branches of the dungeon, and saw 7 of its levels.

You collected 329 gold pieces.

Inventory:

Hand Weapons
 B - a +3 short sword of freezing (weapon)
Missiles
 d - 4 throwing nets (quivered)
 f - 39 stones
 g - 6 javelins
 j - 9 poisoned darts
 l - 7 boomerangs
Armour
 b - a +0 leather armour (worn)
 q - a +0 pair of gloves (worn)
 s - the +3 helmet "Botwomar" (worn) {Dex+4}
   (You found it on level 4 of the Dungeon)

   Dex:       It affects your dexterity (+4).
Jewellery
 e - a +4 ring of slaying (left hand)
 i - an amulet of faith (around neck)
Wands
 n - a wand of quicksilver (8)
 w - a wand of roots (14)
Scrolls
 c - a scroll of teleportation
 m - 2 scrolls of amnesia
 o - 2 scrolls of enchant armour {unknown}
 p - a scroll of summoning {unknown}
 r - a scroll of noise {unknown}
 v - a scroll of acquirement {unknown}
 x - a scroll of magic mapping {unknown}
 y - a scroll of immolation {unknown}
Potions
 h - 2 potions of lignification
 t - 2 potions of curing
 u - 4 potions of heal wounds
 z - a potion of flight {unknown}
 A - a potion of haste {unknown}


   Skills:
 - Level 7.0 Fighting
 - Level 9.0 Short Blades
 - Level 2.0 Throwing
 - Level 9.0 Dodging
 + Level 3.3 Evocations


You had 8 spell levels left.
You didn't know any spells.
Your spell library contained the following spells:

 Spells                   Type           Power      Damage    Failure   Level
 Beastly Appendage        Tmut           0%         N/A       52%         1
 Wereblood                Tmut           0%         N/A       65%         2
 Spider Form              Tmut/Pois      0%         N/A       87%         3
 Borgnjor's Revivificati  Necr           0%         N/A       100%        8
 Necromutation            Tmut/Necr      0%         N/A       100%        8
 Death's Door             Necr           0%         N/A       100%        9


Dungeon Overview and Level Annotations

Branches:
Dungeon (6/15)             Temple (1/1) D:4

Altars:
Ashenzari
Dithmenos
Elyvilon
Fedhas
Hepliaklqana
Nemelex Xobeh
Okawaru
Qazlal
Ru
Trog
Uskayaw
Vehumet
Wu Jian
Xom
Yredelemnul
Zin
The Shining One


Innate Abilities, Weirdness & Mutations

((You are very nimble when in or above water. (Stealth+, EV+, Speed+++)))
Your lower body shifts to a powerful aquatic tail in water.
Your flesh is heat resistant. (rF+)
You are occasionally teleported next to monsters.
You are weak. (Str -2)


Message History

The jelly is almost dead.
You barely miss the jelly.
The jelly is almost dead.
The jelly barely misses you.
You puncture the jelly! You freeze the jelly.
You kill the jelly!
The gnoll sergeant hits you from afar with a +6 trident of flaming.
You hit the ice beast.
The ice beast is heavily wounded.
Uskayaw will force your foes to helplessly watch your dance.
Uskayaw prepares the audience for your solo!
The helpless ice beast fails to defend itself.
You impale the ice beast!!
You kill the ice beast!
Your Evocations skill increases to level 3!
The gnoll sergeant is no longer paralysed.
The gnoll sergeant hits you with a +6 trident of flaming!
The gnoll sergeant burns you.
You hit the gnoll sergeant but do no damage.
The gnoll is no longer paralysed.
You barely miss the gnoll sergeant.
The gnoll sergeant hits you with a +6 trident of flaming!!
The gnoll sergeant burns you. The gnoll closely misses you.
You barely miss the gnoll sergeant.
You hit the gnoll sergeant but do no damage.
The gnoll sergeant hits you with a +6 trident of flaming!!
* * * LOW HITPOINT WARNING * * *
The gnoll sergeant burns you.
* * * LOW HITPOINT WARNING * * *
The gnoll hits you from afar with a +0 spear.
* * * LOW HITPOINT WARNING * * *
Okay, then.
Aiming: Line Pass
Press: ? - help, Dir - move target The gnoll sergeant appears confused.
The gnoll appears confused.
You hear a shout!
A killer bee and 3 gnolls come into view.
The gnoll closely misses you.
The gnoll hits you from afar with a +0 spear.
You die...

..#######..##
.#.........# ..........#
#.......g.# #.......gg#
#....g....# #.........#
###############g@.....#
.8.8.♣.♣.8.♣.♣.g......+
......................#
.♣.♣.♣.♣.8.♣.♣.###......
################ .#####
.# . #


You could see a gnoll sergeant (confused) and 5 gnolls.

Vanquished Creatures
  Pikel (D:4)
  Sigmund (D:4)
  An ice beast (D:6)
  2 ogres
  2 phantoms
  A scorpion (D:4)
  A howler monkey (D:5)
  4 hounds (D:5)
  3 jellies
  2 gnoll boudas
  2 orc priests
  3 iguanas
  2 orc wizards
  11 gnolls
  7 adders
  A white imp (D:5)
  2 worms
  4 dart slugs
  9 orcs
  15 ball pythons
  13 endoplasms
  2 giant cockroaches
  8 goblins
  5 hobgoblins
  2 jackals (D:1)
  2 quokkas
  7 bats
  2 frilled lizards
  7 kobolds
  2 rats (D:1)
124 creatures vanquished.

Vanquished Creatures (others)
  6 fungi (D:2)
  7 plants (D:2)
13 creatures vanquished.

Grand Total: 137 creatures vanquished

Notes
Turn   | Place    | Note
-------+----------+-------------------------------------------
     0 | D:1      | NinjaNoafa the Merfolk Gladiator began the quest for the
                  | Orb.
     0 | D:1      | Reached XP level 1. HP: 16/16 MP: 1/1
   128 | D:1      | Reached XP level 2. HP: 22/22 MP: 2/2
   355 | D:1      | Reached skill level 5 in Short Blades
   355 | D:1      | Reached XP level 3. HP: 23/27 MP: 3/3
  1148 | D:2      | Reached skill level 5 in Dodging
  1148 | D:2      | Reached XP level 4. HP: 22/33 MP: 4/4
  1622 | D:2      | Found a faded altar of an unknown god.
  1973 | D:3      | Reached XP level 5. HP: 37/38 MP: 5/5
  2611 | D:4      | Found a staircase to the Ecumenical Temple.
  2619 | D:4      | Reached XP level 6. HP: 37/47 MP: 6/6
  2644 | Temple   | Entered the Ecumenical Temple
  2761 | D:4      | Noticed Pikel
  2766 | D:4      | Identified the +3 helmet "Botwomar" {Dex+4}
  2791 | D:4      | Killed Pikel
  2792 | D:4      | Reached XP level 7. HP: 27/52 MP: 7/7
  3065 | D:4      | Noticed Sigmund
  3069 | D:4      | Gained mutation: You have hidden genetic defects. [potion
                  | of mutation]
  3069 | D:4      | Gained mutation: Your flesh is heat resistant. (rF+)
                  | [potion of mutation]
  3078 | D:4      | Killed Sigmund
  3079 | D:4      | Reached skill level 5 in Fighting
  3079 | D:4      | Reached XP level 8. HP: 52/62 MP: 8/8
  3103 | D:4      | Gained mutation: You are weak. (Str -2) [hidden defects]
  3271 | D:4      | Gained mutation: You are occasionally teleported next to
                  | monsters. [hidden defects]
  3271 | D:4      | Lost mutation: You have hidden genetic defects. [hidden
                  | defects expressed]
  3794 | D:4      | Found a sparkling altar of Nemelex Xobeh.
  3953 | D:5      | Entered Level 5 of the Dungeon
  4206 | D:5      | Found a hide-covered altar of Uskayaw.
  4213 | D:5      | Became a worshipper of Uskayaw the Reveller
  4216 | D:5      | Reached * piety under Uskayaw
  4298 | D:5      | Reached ** piety under Uskayaw
  4302 | D:5      | Reached *** piety under Uskayaw
  4499 | D:5      | Reached skill level 1 in Evocations
  4499 | D:5      | Reached XP level 9. HP: 71/72 MP: 9/9
  4764 | D:6      | Slain by a gnoll

Illustrated notes

Levels and vault maps discovered:
D:1:      elethiomel_arrival_infinity_welcomes_careful_drivers,
          layout_loops_ring, chequers_mini_garden, minmay_misc_feat_encased
D:2:      layout_loops_ring, shapermc_ecumenical_altar_mp_urbaneastern
D:3:      minmay_angry_zag, layout_rooms
D:4:      layout_basic, lemuel_round_altar, minmay_temple_entry_mini_moons,
          ebering_dispersal_statue_hall, uniq_pikel, uniq_sigmund
D:5:      layout_gridville, old_standard_altar
D:6:      layout_basic, ebering_ghost_sewer_f, chequers_avenue,
          uniq_prince_ribbit1
Temple:   nicolae_temple_no_exploring_needed

Skill      XL: |  1  2  3  4  5  6  7  8  9 |
---------------+----------------------------+-----
Short Blades   | 4 5 9 |  9.0
Dodging        | 5 6 7 9 |  9.0
Fighting       | 3 5 7 |  7.0
Evocations     | 1 3 |  3.3
Throwing       | |  2.0

Action                   |  1- 3 |  4- 6 |  7- 9 || total
-------------------------+-------+-------+-------++-------
Melee: Rapier            |    84 |   121 |   105 ||   310
       Short sword       |       |       |    44 ||    44
Throw: Javelin           |    15 |     3 |       ||    18
Invok: Line Pass         |       |       |     1 ||     1
Evoke: Wand              |       |     1 |       ||     1
  Use: Scroll            |       |     5 |     3 ||     8
       Potion            |       |     1 |     3 ||     4
 Stab: Distracted        |     1 |       |       ||     1
       Sleeping          |       |     2 |     5 ||     7
       Paralysed         |       |       |     2 ||     2
Armor: Leather armour    |    24 |    28 |    26 ||    78
       Skin              |       |    10 |       ||    10
Dodge: Dodged            |    60 |   101 |    86 ||   247

Table legend: (Time is in decaauts)
 A = Elapsed time spent in this place.
 B = Non-inter-level travel time spent in this place.
 C = Inter-level travel time spent in this place.
 D = Time resting spent in this place.
 E = Time spent auto-exploring this place.
 F = Levels seen in this place.
 G = Mean time per level.
                   A        B        C        D        E       F      G
               +--------+--------+--------+--------+--------+-----+--------+
         Total |   4713 |   4594 |    119 |      0 |   3569 |   7 |  673.3 |
       Dungeon |   4596 |   4477 |    119 |      0 |   3484 |   6 |  766.0 |
        Temple |    116 |    116 |      0 |      0 |     85 |   1 |  116.0 |
               +--------+--------+--------+--------+--------+-----+--------+

Top non-repeatable levels by time:
     D:4: 1302 daAuts
     D:1: 1034 daAuts
     D:2: 918 daAuts
     D:5: 704 daAuts
     D:3: 563 daAuts
  Temple: 116 daAuts
     D:6: 73 daAuts
